 Dungeon Crawl Stone Soup version 0.24.0-2-g5b39cebb1c (webtiles) character file.

Game seed: 13729761191589664092, levelgen mode: deterministic

1706 Aviak the Skirmisher (level 9, -1/85 HPs)
             Began as a Hill Orc Wanderer on Oct 30, 2019.
             Slain by an orc warrior
             ... wielding a +0 morningstar
              (20 damage)
             ... on level 6 of the Dungeon.
             The game lasted 00:06:20 (4732 turns).

Aviak the Skirmisher (Hill Orc Wanderer)            Turns: 4732, Time: 00:06:21

Health: -1/85      AC: 10    Str: 16    XL:     9   Next: 3%
Magic:  19/19      EV:  7    Int: 11    God:
Gold:   341        SH: 14    Dex: 13    Spells: 10/10 levels left

rFire    . . .     SeeInvis .   z - +5 dagger (flame)
rCold    . . .     Gourm    .   G - +0 shield
rNeg     . . .     Faith    .   s - +0 scale mail
rPois    .         Spirit   .   (helmet restricted)
rElec    .         Reflect  +   (no cloak)
rCorr    .         Harm     .   C - +0 pair of gloves
MR       .....                  p - +0 pair of boots
Stlth    ..........             g - +4 amulet of reflection
HPRegen  0.24/turn              q - ring of magical power
MPRegen  0.16/turn              (no ring)

@: no status effects
A: horns 1, blurry vision 1, robust 1
a: no special abilities


You were on level 6 of the Dungeon.
You were not hungry.

You visited 1 branch of the dungeon, and saw 6 of its levels.

You collected 341 gold pieces.

Inventory:

Hand Weapons
 a - a +2 mace
 b - a +0 hand crossbow
 h - a +2 hand axe of freezing
 z - a +5 dagger of flaming (weapon)
Missiles
 r - 104 bolts
Armour
 d - a +0 buckler
 e - a +0 robe
 p - a +0 pair of boots (worn)
 s - a +0 scale mail (worn)
 C - a +0 pair of gloves (worn)
 G - a +0 shield (worn)
Jewellery
 g - a +4 amulet of reflection (around neck)
 q - a ring of magical power (left hand)
 w - an uncursed amulet of faith {!P}
 x - an uncursed ring of ice
 H - an uncursed ring of fire
Wands
 k - a wand of flame (15)
 B - a wand of random effects (8)
 F - a wand of clouds (1)
Scrolls
 i - 2 scrolls of identify
 j - 4 scrolls of remove curse {unknown}
 n - a scroll of random uselessness {unknown}
 t - 2 scrolls of teleportation {unknown}
 u - 3 scrolls of enchant weapon {unknown}
 v - a scroll of amnesia {unknown}
 y - 3 scrolls of enchant armour {unknown}
 A - a scroll of magic mapping {unknown}
 D - 2 scrolls of fear {unknown}
Potions
 l - a potion of cancellation
 m - a potion of might {unknown}
 o - 2 potions of mutation {!q}
 E - a potion of magic {unknown}
 J - a potion of degeneration {unknown}
Comestibles
 f - 13 rations


   Skills:
 + Level 6.8 Fighting
 - Level 4.0 Short Blades
 + Level 3.6(3.7) Axes
 - Level 1.1(2.2) Maces & Flails
 + Level 6.2 Armour
 + Level 6.3 Shields
 - Level 1.0 Spellcasting
   Level 1.7 Ice Magic
   Level 1.7 Poison Magic
 - Level 1.0 Evocations


You had 10 spell levels left.
You didn't know any spells.
Your spell library contained the following spells:

 Spells                   Type           Power        Failure   Level  Hunger
 Pain                     Necr           #...         97%         1    ##.....
 Ozocubu's Armour         Chrm/Ice       #.......     100%        3    ####...
 Agony                    Necr           #.......     100%        5    ######.
 Dispel Undead            Necr           #.......     100%        5    ######.
 Freezing Cloud           Conj/Ice/Air   #.........   100%        6    #######


Dungeon Overview and Level Annotations

Branches:
Dungeon (6/15)
 Temple: D:4-7

Altars:
Ashenzari
Elyvilon
Fedhas
Kikubaaqudgha
Makhleb
Nemelex Xobeh
Sif Muna
Wu Jian
Xom

Shops:
D:4 =


Innate Abilities, Weirdness & Mutations

You have a pair of small horns on your head.
Scrolls take you a little longer to read.
You are robust. (+10% HP)


Message History

You don't have any such object.
Evoke which item? (* to show all) (? for menu, Esc to quit)
Okay, then.
Evoke which item? (* to show all) (? for menu, Esc to quit)
Aiming: Throw Flame
Press: ? - help, Shift-Dir - straight line, f - orc warrior
Aim: an orc warrior, wielding a +0 morningstar and wearing a cursed +0 plate armour (moderately wounded)
The puff of flame hits the orc warrior but does no damage.
The orc warrior is moderately wounded.
You block the orc warrior's attack.
You hit the orc warrior but do no damage.
The orc warrior is moderately wounded.
The orc warrior hits you with a +0 morningstar!
* * * LOW HITPOINT WARNING * * *
It was a potion of mutation.
You feel extremely strange.
Your vision blurs.
A pair of horns grows on your head!
You feel robust.
It was a potion of cancellation.
You feel magically purged.
l - a potion of cancellation;
q - a ring of magical power (left hand)
The orc warrior hits you with a +0 morningstar!!
You die...

####### #####################
#...... ..............#<....#
#...... ..............'@....#
#...... ..............#o....#
#......
........<.....#....#######......
..............#....##....#......
..............#..........#......
#+#####+###+####...##....#......
#...##....'......
#...##....#......
#...##....#####'#


You could see an orc warrior.

Vanquished Creatures
  Eustachio (D:4)
  3 yaks (D:5)
  A water moccasin (D:5)
  Duvessa (D:5)
  A sky beast (D:5)
  An orc warrior (D:5)
  An ogre (D:5)
  Dowan (D:5)
  A howler monkey (D:4)
  A crimson imp (D:6)
  A bullfrog zombie (D:6)
  A gnoll shaman (D:4)
  A hound (D:4)
  2 orc wizards
  3 orc priests
  Ijyb (D:3)
  2 worker ants (D:4)
  5 gnolls (D:4)
  7 adders
  An adder skeleton (D:5)
  2 worms
  6 dart slugs
  2 leopard geckos (D:1)
  13 orcs
  3 bats
  2 giant cockroaches
  11 goblins
  5 hobgoblins
  2 jackals (D:3)
  2 quokkas
  A ball python (D:1)
  7 frilled lizards
  6 kobolds
  4 rats
102 creatures vanquished.

Notes
Turn   | Place    | Note
-------+----------+-------------------------------------------
     0 | D:1      | Aviak the Hill Orc Wanderer began the quest for the Orb.
     0 | D:1      | Aviak set off with the following items: a +2 mace, a +0
                  | hand crossbow, 27 bolts, a +0 buckler, a +0 robe, a ration
     0 | D:1      | Reached XP level 1. HP: 16/16 MP: 2/2
   308 | D:1      | Reached XP level 2. HP: 22/23 MP: 3/3
   897 | D:1      | Reached XP level 3. HP: 29/29 MP: 4/4
   920 | D:1      | Reached skill level 1 in Short Blades
  1286 | D:2      | Reached XP level 4. HP: 37/37 MP: 5/5
  1686 | D:3      | Noticed Ijyb
  1696 | D:3      | Killed Ijyb
  1871 | D:3      | Found a sparkling altar of Nemelex Xobeh.
  2022 | D:3      | Reached XP level 5. HP: 32/45 MP: 6/6
  2140 | D:3      | Found a white marble altar of Elyvilon.
  2147 | D:3      | Found a shimmering blue altar of Sif Muna.
  2154 | D:3      | Found a blossoming altar of Fedhas.
  2159 | D:3      | Found an ancient bone altar of Kikubaaqudgha.
  2170 | D:3      | Found a burning altar of Makhleb.
  2177 | D:3      | Found a shattered altar of Ashenzari.
  2182 | D:3      | Found a shimmering altar of Xom.
  2423 | D:4      | Noticed Eustachio
  2441 | D:4      | Killed Eustachio
  2441 | D:4      | Reached XP level 6. HP: 35/52 MP: 7/7
  2491 | D:4      | Identified Athotal's Almanac of Sinister Snow
  2694 | D:4      | Found Irygud's Jewellery Shop.
  2806 | D:4      | Reached XP level 7. HP: 55/59 MP: 8/8
  2972 | D:4      | Found an ornate altar of the Wu Jian Council.
  3335 | D:5      | Entered Level 5 of the Dungeon
  3365 | D:5      | Noticed Dowan
  3366 | D:5      | Noticed Duvessa
  3402 | D:5      | Killed Duvessa
  3402 | D:5      | Reached skill level 5 in Fighting
  3408 | D:5      | Killed Dowan
  3701 | D:5      | Reached skill level 5 in Armour
  3701 | D:5      | Reached skill level 5 in Shields
  3701 | D:5      | Reached XP level 8. HP: 57/69 MP: 9/9
  3967 | D:5      | Reached skill level 1 in Axes
  4228 | D:5      | Noticed a yak
  4229 | D:5      | Noticed a yak
  4230 | D:5      | Noticed a yak
  4260 | D:5      | Killed a yak
  4272 | D:5      | Killed a yak
  4274 | D:5      | Killed a yak
  4634 | D:6      | Reached XP level 9. HP: 78/78 MP: 10/10
  4731 | D:6      | Gained mutation: Scrolls take you a little longer to read.
                  | [potion of mutation]
  4731 | D:6      | Gained mutation: You have a pair of small horns on your
                  | head. [potion of mutation]
  4731 | D:6      | Gained mutation: You are robust. (+10% HP) [potion of
                  | mutation]
  4732 | D:6      | Slain by an orc warrior

Levels and vault maps discovered:
D:1:      psy_arrival_spokes, layout_loops_ring, hangedman_abyss_or_decor_stabs
D:2:      layout_rooms, serial_glass, glass_columns_a, glass_columns_b,
          first_ration
D:3:      layout_basic, grunt_temple_overflow_octagram,
          nemelex_spade_bored_becter, uniq_ijyb
D:4:      layout_basic, kennysheep_mini_moat, serial_shops, shop, uniq_eustachio
D:5:      layout_rooms, uniq_duvessa
D:6:      layout_gridville, temple_pool_b

Skill      XL: |  1  2  3  4  5  6  7  8 |
---------------+-------------------------+-----
Fighting       | 2 3 4 5 6 |  6.8
Short Blades   | 1 2 3 4 |  4.0
Armour         | 2 3 5 6 |  6.2
Shields        | 2 3 5 6 |  6.3
Axes           | 3 |  3.6
Maces & Flails | |  1.1
Spellcasting   | |  1.0
Ice Magic      | |  1.7
Poison Magic   | |  1.7
Evocations     | |  1.0

Action                   |  1- 3 |  4- 6 |  7- 9 || total
-------------------------+-------+-------+-------++-------
Melee: Dagger            |    62 |   139 |   187 ||   388
       Mace              |     4 |       |       ||     4
Evoke: Wand              |       |       |    12 ||    12
  Use: Scroll            |       |     3 |       ||     3
       Potion            |       |       |     8 ||     8
 Stab: Sleeping          |     1 |       |       ||     1
  Eat: Chunk             |     1 |     5 |     6 ||    12
Armor: Robe              |     3 |       |       ||     3
       Scale mail        |     7 |    38 |    29 ||    74
Dodge: Dodged            |    22 |    29 |    38 ||    89
Block: Buckler           |    13 |    54 |    35 ||   102
       Shield            |       |       |    63 ||    63
       Reflection        |       |       |     1 ||     1
